 Dungeon Crawl Stone Soup version 0.29.0-4-gdea44cf6ec (webtiles) character file.

Game seed: 8262726238087370272

119 qw the Chopper (level 5, -7/30 HPs)
             Began as a Tengu Warper on Aug 28, 2022.
             Was an Initiate of Okawaru.
             Mangled by an ogre
             ... wielding a +0 giant spiked club
              (37 damage)
             ... on level 4 of the Dungeon.
             The game lasted 00:00:15 (3211 turns).

qw the Chopper (Tengu Warper)                       Turns: 3211, Time: 00:00:15

Health: -7/30      AC:  5    Str: 13    XL:     5   Next: 3%
Magic:  9/9        EV: 13    Int: 14    God:    Okawaru [......]
Gold:   133        SH:  0    Dex: 13    Spells: 8/8 levels left

rFire   . . .      SeeInvis .   Y - +1 hand axe
rCold   . . .      Faith    .   (no shield)
rNeg    . . .      Spirit   .   j - +0 ring mail
rPois   .          Reflect  .   (helmet restricted)
rElec   .          Harm     .   (no cloak)
rCorr   .          Rampage  .   (no gloves)
Will    .....                   (boots unavailable)
Stlth   +.........              (no amulet)
HPRegen 0.10/turn               (no ring)
MPRegen 0.11/turn               (no ring)

@: flying quickly and evasively, quick
A: beak, talons 3, nimble flight
a: Renounce Religion


You were on level 4 of the Dungeon.
You worshipped Okawaru.
Okawaru was noncommittal.
You visited 1 branch of the dungeon, and saw 4 of its levels.

You collected 133 gold pieces.


Innate Abilities, Weirdness & Mutations

You have a beak for a mouth.
You have claws for feet.
Your magical nature lets you fly swiftly and evasively.


   Skills:
 - Level 2.0 Fighting
 + Level 5.5 Axes
 - Level 1.0 Throwing
 - Level 1.1 Armour
 - Level 2.1 Dodging
 - Level 2.0 Spellcasting
 - Level 2.4 Translocations


You had 8 spell levels left.
You didn't know any spells.
Your spell library contained the following spells:

 Spells                   Type           Power      Damage    Failure   Level
 Blink                    Tloc           16%        N/A       28%         2
 Gell's Gravitas          Tloc           8%         N/A       50%         3
 Lesser Beckoning         Tloc           8%         N/A       50%         3
 Teleport Other           Tloc           8%         N/A       50%         3
 Manifold Assault         Tloc           8%         N/A       99%         5

Inventory:

Hand Weapons
 h - a +2 whip of electrocution
 Y - a +1 hand axe (weapon)
Armour
 j - a +0 ring mail (worn)
Scrolls
 f - a scroll of identify
Potions
 a - a potion of heal wounds
 b - a potion of brilliance {unknown}
 d - a potion of lignification {unknown}
 g - a potion of mutation {unknown}
 i - 2 potions of curing
 k - a potion of berserk rage {unknown}
 l - a potion of attraction {unknown}

Dungeon Overview and Level Annotations

Branches:
Dungeon (4/15)
 Temple: D:4-7

Altars:
Okawaru
Trog

Shops:
D:2 =


Message History

Enter note:
Enter note:
Enter note:
Enter note:
Enter note:
Enter note: Done exploring.
Done exploring.
3145 ||| READING scroll labelled KORIVOGGU ELEO.
As you read the scroll labelled KORIVOGGU ELEO, it crumbles to dust.
The air around you briefly surges with heat, but it dissipates.
It was a scroll of immolation.
Done exploring.
3146 ||| READING scroll labelled JEZXYBLUENEI.
As you read the scroll labelled JEZXYBLUENEI, it crumbles to dust.
You feel momentarily disoriented.
It was a scroll of magic mapping.
Done exploring.
3147 ||| READING 2 scrolls of identify.
As you read the scroll of identify, it crumbles to dust.
a - a potion of heal wounds
3147 ||| IDENTIFYING bubbling brown potion Done exploring.
(D) Dungeon
Where to? (* - list waypoints, Enter - D:3 @ (x,y), ? - help)
What level of the Dungeon? (default 1, ? - help)
There is a stone staircase leading down here.
You fly downwards.
Found a grey potion.
There is a stone staircase leading up here.
An ogre is nearby!
Existing waypoints: (1) D:2 (2) D:3 Assign waypoint to what number? (0-9, D - delete waypoint) Waypoint 1 re-assigned from D:2 to D:4.
Enter note: You hit the ogre.
The ogre is lightly wounded.
The ogre hits you with a +0 giant spiked club!!!
Ouch! That really hurt!
You die...

.. ....
.. ....
#. ... #.
..# # #
#. ..#.#
##.#.
....#
#....#..#
#....@..#
#.##.O..#
+....#
#....#
.....#
......#
.!.....
#...##.#.


You could see an ogre.

Vanquished Creatures
  A howler monkey (D:3)
  2 adders
  A worm (D:2)
  2 dart slugs (D:1)
  3 orcs (D:3)
  3 ball pythons
  9 endoplasms
  3 giant cockroaches
  2 goblins
  4 hobgoblins
  6 kobolds
  A quokka (D:3)
  7 bats
  A frilled lizard (D:1)
  2 rats (D:1)
47 creatures vanquished.

Notes
Turn   | Place    | Note
-------+----------+-------------------------------------------
     0 | D:1      | qw the Tengu Warper began the quest for the Orb.
     0 | D:1      | Reached XP level 1. HP: 12/12 MP: 4/4
     0 | D:1      | 0 ||| qw: Version: 0.1-a-89-g26bdef1
     0 | D:1      | 0 ||| qw: Game counter: 3156
     0 | D:1      | 0 ||| qw: Always use a shield: true
     0 | D:1      | 0 ||| qw: God list: Okawaru
     0 | D:1      | 0 ||| qw: Allow faded altars: false
     0 | D:1      | 0 ||| qw: Do Orc after D:15 true
     0 | D:1      | 0 ||| qw: Do second Lair branch before Depths: true
     0 | D:1      | 0 ||| qw: Lair rune preference: random
     0 | D:1      | 0 ||| qw: Plans: Normal
     0 | D:1      | 0 ||| PLANNING D:1-11
   269 | D:1      | 269 ||| Stepping ~*~*~tactically~*~*~ (hiding).
   358 | D:1      | Reached XP level 2. HP: 17/17 MP: 6/6
   389 | D:1      | Reached skill level 3 in Axes
   839 | D:1      | 839 ||| Stepping ~*~*~tactically~*~*~ (hiding).
   980 | D:1      | Found a faded altar of an unknown god.
  1084 | D:1      | 1084 ||| UPGRADING to +0 ring mail.
  1094 | D:1      | 1094 ||| DROPPING +0 leather armour.
  1095 | D:1      | 1095 ||| READING scroll labelled BAZUS HURCHA.
  1096 | D:1      | 1096 ||| READING 2 scrolls labelled DERUHOGHES.
  1097 | D:1      | 1097 ||| READING scroll labelled JUMAERPHA CYOG.
  1098 | D:1      | 1098 ||| READING scroll labelled SOTIHUYTOM.
  1102 | D:1      | 1102 ||| DRINKING 3 yellow potions.
  1103 | D:1      | 1103 ||| DROPPING scroll of blinking.
  1169 | D:2      | Reached XP level 3. HP: 11/21 MP: 7/7
  1212 | D:2      | 1212 ||| FLEEEEING.
  1214 | D:2      | 1214 ||| STAIRDANCE
  1324 | D:2      | Reached skill level 4 in Axes
  1749 | D:2      | 1749 ||| FLEEEEING.
  1750 | D:2      | 1750 ||| FLEEEEING.
  1762 | D:2      | 1762 ||| FLEEEEING.
  1763 | D:2      | 1763 ||| FLEEEEING.
  1764 | D:2      | 1764 ||| FLEEEEING.
  1765 | D:2      | 1765 ||| STAIRDANCE
  2292 | D:2      | Found Sirpher's Jewellery Shop.
  2300 | D:2      | 2300 ||| SHOPLISTING amulet of Arrival {Spirit rElec Int+3
                  | Dex-4} (586 gold, have 86).
  2300 | D:2      | 2300 ||| SHOPLISTING amulet of the acrobat (420 gold, have
                  | 86).
  2300 | D:2      | 2300 ||| SHOPLISTING ring of positive energy (280 gold,
                  | have 86).
  2300 | D:2      | 2300 ||| SHOPLISTING ring of the Tortoise {AC+8} (1792
                  | gold, have 86).
  2300 | D:2      | 2300 ||| SHOPLISTING ring of willpower (350 gold, have 86).
  2306 | D:2      | 2306 ||| DRINKING 2 viscous coppery potions.
  2307 | D:2      | 2307 ||| DROPPING potion of flight.
  2363 | D:3      | 2363 ||| Stepping ~*~*~tactically~*~*~ (stealth).
  2489 | D:3      | Reached XP level 4. HP: 26/26 MP: 8/8
  2534 | D:3      | Reached skill level 5 in Axes
  2571 | D:3      | 2571 ||| DROPPING +0 club.
  2837 | D:3      | Gained mutation: Your magical nature lets you fly swiftly
                  | and evasively. [Tengu growth]
  2837 | D:3      | Reached XP level 5. HP: 30/30 MP: 9/9
  2986 | D:3      | Found a bloodstained altar of Trog.
  2986 | D:3      | Found an iron altar of Okawaru.
  3002 | D:3      | Became a worshipper of Warmaster Okawaru
  3145 | D:3      | 3145 ||| READING scroll labelled KORIVOGGU ELEO.
  3146 | D:3      | 3146 ||| READING scroll labelled JEZXYBLUENEI.
  3147 | D:3      | 3147 ||| READING 2 scrolls of identify.
  3147 | D:3      | 3147 ||| IDENTIFYING bubbling brown potion
  3207 | D:4      | Noticed an ogre
  3211 | D:4      | Mangled by an ogre

Levels and vault maps discovered:
D:1:      heliophobic_arrival_dark_side_of_the_moon, layout_loops_ring,
          dilly_ecumenical_altar_fadedgnrine
D:2:      layout_basic, serial_shops, shop
D:3:      layout_basic, grunt_temple_overflow_bloody_war
D:4:      minmay_inner_zag, layout_basic, gammafunk_temple_overflow_statue,
          general_overflow_altar, mainiacjoe_overflow_cross_hatched,
          glass_columns_c

Skill      XL: |  1  2  3  4 |
---------------+-------------+-----
Axes           | 3 4 5 |  5.5
Fighting       | |  2.0
Throwing       | |  1.0
Armour         | |  1.1
Dodging        | |  2.1
Spellcasting   | |  2.0
Translocations | |  2.4

Action                   |  1- 3 |  4- 6 || total
-------------------------+-------+-------++-------
Melee: Hand axe          |    94 |    28 ||   122
       Kick              |    21 |     8 ||    29
       Peck              |    17 |     1 ||    18
       Punch             |     1 |       ||     1
Throw: Boomerang         |     7 |       ||     7
  Use: Scroll            |     4 |     3 ||     7
       Potion            |     2 |       ||     2
 Stab: Sleeping          |     1 |       ||     1
Armor: Leather armour    |     9 |       ||     9
       Ring mail         |    22 |     8 ||    30
Dodge: Dodged            |    40 |     8 ||    48

Table legend:
 A = Non-vault XP
 B = Vault XP
 C = Vault XP percentage of total XP
 D = Non-vault monster count
 E = Vault monster count
 F = Vault count percentage of total count
                 A         B        C        D         E       F
            +---------+---------+-------+---------+---------+-------
      Total |     167 |       3 |   1.8 |      46 |       1 |   2.1
            +---------+---------+-------+---------+---------+-------
        D:1 |      31 |       0 |   0.0 |      16 |       0 |   0.0
        D:2 |      40 |       0 |   0.0 |      15 |       0 |   0.0
        D:3 |      96 |       3 |   3.0 |      15 |       1 |   6.2
            +---------+---------+-------+---------+---------+-------
